 Dungeon Crawl Stone Soup version 0.29.1-1-gd02db69 (webtiles) character file.

Game seed: 2364861114866133037

856 mallonox the Trooper (level 7, -5/66 HPs)
             Began as a Minotaur Berserker on Dec 17, 2022.
             Was a Believer of Trog.
             Succumbed to a water moccasin's poison
             ... on level 4 of the Dungeon.
             The game lasted 00:15:22 (4130 turns).

mallonox the Trooper (Minotaur Berserker)           Turns: 4130, Time: 00:15:23

Health: -5/66      AC:  7    Str: 23    XL:     7   Next: 70%
Magic:  6/6        EV: 12    Int:  4    God:    Trog [**....]
Gold:   290        SH:  5    Dex: 10    Spells: 6/6 levels left

rFire   . . .      SeeInvis .   a - +0 hand axe
rCold   . . .      Faith    .   (no shield)
rNeg    . . .      Spirit   .   z - +0 ring mail
rPois   .          Reflect  +   (helmet restricted)
rElec   .          Harm     .   (no cloak)
rCorr   .          Rampage  .   d - +0 pair of gloves
Will    .....                   (no boots)
Stlth   ..........              p - amulet of reflection
HPRegen 0.21/turn               (no ring)
MPRegen 0.10/turn               (no ring)

@: lethally poisoned (-5 -> -41), on berserk cooldown, slowed, very slow
A: horns 2, retaliatory headbutt
a: Renounce Religion, Berserk, Trog's Hand


You were on level 4 of the Dungeon.
You worshipped Trog.
Trog was pleased with you.
You visited 1 branch of the dungeon, and saw 4 of its levels.

You collected 290 gold pieces.

Inventory:

Hand Weapons
 a - a +0 hand axe (weapon)
 b - a +0 sling
Missiles
 h - 21 stones (quivered)
 r - 14 poisoned darts
 t - 2 boomerangs
Armour
 d - a +0 pair of gloves (worn)
 q - a +0 plate armour
 z - a +0 ring mail (worn)
Jewellery
 p - an amulet of reflection (around neck)
Wands
 u - a wand of light (11)
 y - a wand of digging (4)
Scrolls
 e - 2 scrolls of identify {unknown}
 f - 4 scrolls of butterflies {unknown}
 i - a scroll of amnesia {unknown}
 k - a scroll of enchant weapon {unknown}
 o - a scroll of immolation {unknown}
 s - a scroll of enchant armour {unknown}
 w - 2 scrolls of acquirement {unknown}
 x - a scroll of blinking {unknown}
 B - a scroll of silence {unknown}
Potions
 c - 2 potions of degeneration {unknown}
 g - a potion of lignification {unknown}
 j - 4 potions of curing {unknown}
 l - 2 potions of flight {unknown}
 m - a potion of resistance {unknown}
 n - a potion of berserk rage {unknown}
 v - a potion of haste {unknown}
 A - a potion of heal wounds {unknown}


   Skills:
 + Level 7.6 Fighting
 - Level 3.6 Axes
 * Level 4.4 Ranged Weapons
 + Level 1.9 Throwing
 * Level 4.2 Armour
 + Level 4.1 Dodging
 + Level 1.2 Shields


You had 6 spell levels left.
You didn't know any spells.
Your spell library was empty.

Dungeon Overview and Level Annotations

Branches:
Dungeon (4/15)
 Temple: D:4-7

Altars:

Shops:
D:2 [

Annotations:
D:4 2 transporters, robotsrng's ghost, weakling GnDe


Innate Abilities, Weirdness & Mutations

You have a pair of horns on your head.
You reflexively headbutt those who attack you in melee.


Message History

You closely miss the water moccasin.
The water moccasin is almost dead.
You feel very sick. The water moccasin bites you.
You are lethally poisoned!
The water moccasin poisons you!
The water moccasin bites you but does no damage.
You hit the water moccasin.
Your headbutt misses the water moccasin.
The water moccasin is almost dead.
* * * LOW HITPOINT WARNING * * *
You feel extremely sick. The water moccasin bites you.
* * * LOW HITPOINT WARNING * * *
You are more poisoned.
The water moccasin poisons you!
A red film seems to cover your vision as you go berserk!
You feel yourself moving faster!
You feel mighty!
* * * LOW HITPOINT WARNING * * *
You feel extremely sick. The water moccasin bites you.
* * * LOW HITPOINT WARNING * * *
You are more poisoned.
The water moccasin poisons you! The water moccasin closely misses you.
You furiously retaliate!
You headbutt the water moccasin.
You kill the water moccasin!
Trog accepts your kill.
Your Armour skill increases to level 4!
You feel a strong urge to attack something.
* * * LOW HITPOINT WARNING * * *
You feel very sick.
You are too berserk!
Unknown command.
You are too berserk!
* * * LOW HITPOINT WARNING * * *
You feel very sick.
You feel your anger nearly subside.
You are no longer berserk.
You are exhausted.
You feel yourself slow down.
You die...

#......##...##..#
####.##.#####.#.#
###..##......##.#
....###.#######.#
....# #.# #. ....#
#.# #.### ....#
#.# ... ....# #.#
#.# #####
#.########@# .#
#..........#
.#################
.'.........#
.#########.# .#
#.# .# #.# .# #.#
.# #.#


There were no monsters in sight!

Vanquished Creatures
  Sigmund (D:3)
  Menkaure (D:4)
  A water moccasin (D:4)
  An ogre (D:4)
  A phantom (D:4)
  A howler monkey (D:4)
  2 orc priests (D:3)
  3 hounds (D:4)
  Ijyb (D:3)
  A worm (D:4)
  4 dart slugs
  8 orcs
  5 ball pythons
  13 endoplasms
  8 giant cockroaches
  9 hobgoblins
  3 jackals (D:1)
  5 quokkas
  A bat (D:1)
  A frilled lizard (D:3)
  8 goblins
  7 kobolds
  3 rats
88 creatures vanquished.

Notes
Turn   | Place    | Note
-------+----------+-------------------------------------------
     0 | D:1      | mallonox the Minotaur Berserker began the quest for the
                  | Orb.
     0 | D:1      | Reached XP level 1. HP: 19/19 MP: 0/0
   118 | D:1      | Reached skill level 4 in Fighting
   208 | D:1      | Noticed a shining eye
   210 | D:1      | Found a faded altar of an unknown god.
   214 | D:1      | Reached XP level 2. HP: 18/27 MP: 1/1
   215 | D:1      | Noticed a shining eye
   215 | D:1      | Noticed a shining eye
   215 | D:1      | Noticed a shining eye
  1178 | D:2      | Found Satunak's Antique Armour Emporium.
  1196 | D:2      | Reached XP level 3. HP: 35/35 MP: 2/2
  1767 | D:2      | Reached skill level 5 in Fighting
  2074 | D:3      | Reached ** piety under Trog
  2129 | D:3      | Reached XP level 4. HP: 18/42 MP: 3/3
  2363 | D:3      | Noticed Sigmund
  2374 | D:3      | Killed Sigmund
  2375 | D:3      | Reached skill level 6 in Fighting
  2375 | D:3      | Reached skill level 1 in Ranged Weapons
  2375 | D:3      | Reached skill level 1 in Throwing
  2375 | D:3      | Reached XP level 5. HP: 51/51 MP: 4/4
  2467 | D:3      | Reached XP level 6. HP: 40/58 MP: 5/5
  2966 | D:3      | Noticed Ijyb
  2980 | D:3      | Killed Ijyb
  3040 | D:4      | Noticed Menkaure
  3056 | D:4      | Killed Menkaure
  3057 | D:4      | Reached skill level 7 in Fighting
  3275 | D:4      | Reached XP level 7. HP: 55/66 MP: 6/6
  3556 | D:4      | Noticed robotsrng's ghost (weakling GnDe)
  3638 | D:4      | Found a transporter.
  3655 | D:4      | Found a transporter.
  3709 | D:4      | Reached skill level 1 in Shields
  4129 | D:4      | HP: 2/99 [poisoned by a water moccasin]
  4130 | D:4      | Succumbed to a water moccasin's poison

Illustrated notes

Levels and vault maps discovered:
D:1:      dreamdust_arrival_beginning_and_end, layout_basic,
          hellmonk_ecumenical_altar_watching_god
D:2:      layout_loops_corners, serial_shops, nicolae_shop_hallway_stairs,
          minmay_misc_feat_alley, grunt_ministairs_12
D:3:      layout_basic, uniq_ijyb, uniq_sigmund
D:4:      layout_basic, gammafunk_ghost_stat_death, minmay_joined_circles,
          uniq_menkaure

Skill      XL: |  1  2  3  4  5  6  7 |
---------------+----------------------+-----
Fighting       | 4 5 6 7 |  7.6
Ranged Weapons | 1 3 4 |  4.4
Throwing       | 1 |  1.9
Dodging        | 3 4 |  4.1
Armour         | 3 4 |  4.2
Shields        | 1 |  1.2
Axes           | |  3.6

Action                   |  1- 3 |  4- 6 |  7- 9 || total
-------------------------+-------+-------+-------++-------
Melee: Hand axe          |    92 |    70 |    50 ||   212
       Headbutt          |    17 |    15 |    13 ||    45
       Punch             |       |     2 |       ||     2
 Fire: Sling             |     8 |    19 |    12 ||    39
Throw: Stone             |     5 |     1 |       ||     6
Invok: Trog's Hand       |       |     4 |       ||     4
       Berserk           |       |     2 |     1 ||     3
 Stab: Sleeping          |     3 |       |       ||     3
Armor: Animal skin       |    22 |     3 |       ||    25
       Ring mail         |       |    10 |     8 ||    18
Dodge: Dodged            |    43 |    37 |    23 ||   103
Block: Other             |     3 |     7 |    13 ||    23
